 Dungeon Crawl Stone Soup version 0.27-a0-1278-g6cbc8dfb29 (webtiles) character file.

Game seed: 7500752047288741121

214 bande the Shield-Bearer (level 5, -9/33 HPs)
             Began as a Gargoyle Fighter on June 12, 2021.
             Killed by divine providence
             ... invoked by an orc priest
              (12 damage)
             ... on level 3 of the Dungeon.
             The game lasted 00:04:20 (2870 turns).

bande the Shield-Bearer (Gargoyle Fighter)          Turns: 2870, Time: 00:04:20

Health: -9/33      AC: 11    Str: 20    XL:     5   Next: 92%
Magic:  5/5        EV:  7    Int:  8    God:
Gold:   153        SH:  9    Dex: 10    Spells: 4/4 levels left

rFire    . . .     SeeInvis .   a - +0 war axe
rCold    . . .     Faith    .   c - +0 kite shield
rNeg     + . .     Spirit   .   b - +0 scale mail
rPois    ∞         Reflect  .   (no helmet)
rElec    +         Harm     .   (no cloak)
rCorr    .         Rampage  .   (no gloves)
Will     +....                  (no boots)
Stlth    ..........             (no amulet)
HPRegen  0.11/turn              f - ring of willpower
MPRegen  0.09/turn              (no ring)

@: no status effects
A: sickness immunity, AC +4, negative energy resistance 1, electricity
resistance, torment resistance 1, petrification resistance
a: no special abilities


You were on level 3 of the Dungeon.
You visited 1 branch of the dungeon, and saw 3 of its levels.

You collected 153 gold pieces.

Inventory:

Hand Weapons
 a - a +0 war axe (weapon)
Armour
 b - a +0 scale mail (worn)
 c - a +0 kite shield (worn)
Jewellery
 f - a ring of willpower (left hand)
Wands
 j - a wand of charming (2)
Scrolls
 i - a scroll of identify
Potions
 d - a potion of might
 e - 2 potions of curing
 g - a potion of brilliance
 h - a potion of flight
 k - a potion of ambrosia


   Skills:
 + Level 4.1 Fighting
 + Level 3.7 Axes
 + Level 4.0 Armour
 + Level 0.7 Dodging
 + Level 4.3 Shields


You had 4 spell levels left.
You didn't know any spells.
Your spell library contained the following spells:

 Spells                   Type           Power      Damage    Failure   Level
 Beastly Appendage        Tmut           0%         N/A       99%         1
 Wereblood                Tmut           0%         N/A       100%        2
 Spider Form              Tmut/Pois      0%         N/A       100%        3
 Ice Form                 Ice/Tmut       0%         N/A       100%        4


Dungeon Overview and Level Annotations

Branches:
Dungeon (3/15)

Altars:
Yredelemnul


Innate Abilities, Weirdness & Mutations

You are immune to sickness and miasma.
Your stone body is resilient. (AC +4)
You are immune to poison.
You resist negative energy. (rN+)
You are resistant to electric shocks. (rElec)
You are resistant to unholy torment.
You are immune to petrification.


Message History

The orc priest hits you with a +0 short sword.
Something hits you but does no damage. You block the orc priest's attack.
Unknown command.
You barely miss the orc priest. You hit something.
You hear some strange, mumbled words.
A puff of flame appears from out of thin air!
The puff of flame hits you!
The orc priest looks encouraged for a moment.
Something hits you.
You hit the orc priest but do no damage.
You miss something.
The orc priest hits you but does no damage.
Something hits you but does no damage. You block the orc priest's attack.
You hit the orc priest.
The orc priest is moderately wounded.
You closely miss something. Something hits you.
The orc priest barely misses you. Something hits you.
You slash the orc priest!
The orc priest is almost dead.
You closely miss something. The orc priest barely misses you.
You hear some strange, mumbled words.
Something tries to affect you, but you resist.
The orc priest hits you but does no damage.
Something hits you but does no damage.
You closely miss the orc priest.
The orc priest is almost dead.
Your scale mail prevents you from hitting something.
The orc priest invokes the aid of Beogh against you.
Pain shoots through your body!
* * * LOW HITPOINT WARNING * * *
Something hits you.
* * * LOW HITPOINT WARNING * * *
You barely miss the orc priest.
The orc priest is almost dead.
You completely miss something. The orc priest closely misses you.
Something hits you.
* * * LOW HITPOINT WARNING * * *
The orc priest mumbles some strange prayers to Beogh against you.
Beogh smites you!
You die...

.########.##.#.#
..#............#
..#.#####.##...#
###.#
#......######
....#
#####.......#
.#### #.#####.#
..# #.#.#####.#
..# #....o....#
### ##..{@).##
#....#)#####
#.##.#.....# #.
#.#####.# #. #.#
#. #.##########
###### ..
#..........#
#....# #.
########.###
##....#########
#.#


You could see an orc priest.

Vanquished Creatures
  Jessica (D:3)
  Ijyb (D:3)
  Natasha (D:3)
  3 adders
  3 worms (D:2)
  3 dart slugs (D:2)
  6 orcs (D:3)
  7 endoplasms
  4 giant cockroaches
  9 goblins
  2 hobgoblins (D:1)
  18 jackals
  2 quokkas
  3 ball pythons
  3 bats
  3 frilled lizards
  10 kobolds
  5 rats
84 creatures vanquished.

Notes
Turn   | Place    | Note
-------+----------+-------------------------------------------
     0 | D:1      | bande the Gargoyle Fighter began the quest for the Orb.
     0 | D:1      | Reached XP level 1. HP: 14/14 MP: 1/1
   492 | D:1      | Reached XP level 2. HP: 18/20 MP: 2/2
   756 | D:1      | Reached XP level 3. HP: 24/24 MP: 3/3
  1388 | D:2      | Reached XP level 4. HP: 29/29 MP: 4/4
  1581 | D:2      | Found a basalt altar of Yredelemnul.
  2084 | D:3      | Noticed Jessica
  2086 | D:3      | Killed Jessica
  2130 | D:3      | Reached XP level 5. HP: 27/33 MP: 5/5
  2210 | D:3      | Found a faded altar of an unknown god.
  2211 | D:3      | Noticed Natasha
  2219 | D:3      | Killed Natasha
  2448 | D:3      | Noticed Ijyb
  2471 | D:3      | Killed Ijyb
  2870 | D:3      | Killed from afar by an orc priest

Illustrated notes

Levels and vault maps discovered:
D:1:      scummos_arrival_simple_fountains, layout_loops_ring
D:2:      layout_rooms, basic_altar
D:3:      layout_basic, lemuel_coloured_pillars_altar,
          chequers_ecumenical_altar_simple, grunt_ministairs_15,
          kennysheep_pointless_box, uniq_natasha, uniq_jessica, uniq_ijyb

Skill      XL: |  1  2  3  4  5 |
---------------+----------------+-----
Axes           | 2 3 |  3.7
Fighting       | 4 |  4.1
Shields        | 4 |  4.3
Armour         | 4 |  4.0
Dodging        | |  0.7

Action                   |  1- 3 |  4- 6 || total
-------------------------+-------+-------++-------
Melee: War axe           |    87 |   163 ||   250
  Use: Scroll            |     2 |     3 ||     5
       Potion            |     4 |       ||     4
Armor: Scale mail        |    55 |    92 ||   147
Dodge: Dodged            |    32 |    57 ||    89
Block: Kite shield       |    48 |   112 ||   160

Table legend: (Time is in decaauts)
 A = Elapsed time spent in this place.
 B = Non-inter-level travel time spent in this place.
 C = Inter-level travel time spent in this place.
 D = Time resting spent in this place.
 E = Time spent auto-exploring this place.
 F = Levels seen in this place.
 G = Mean time per level.
                   A        B        C        D        E       F      G
               +--------+--------+--------+--------+--------+-----+--------+
         Total |   3015 |   3015 |      0 |    357 |   1997 |   3 | 1005.0 |
       Dungeon |   3015 |   3015 |      0 |    357 |   1997 |   3 | 1005.0 |
               +--------+--------+--------+--------+--------+-----+--------+

Top non-repeatable levels by time:
     D:1: 1294 daAuts
     D:2: 949 daAuts
     D:3: 772 daAuts
